 Dungeon Sprint DCSS version 0.28-a0-407-g69098e2f6d (webtiles) character file.

Game seed: 11050340341587113698

193 dolemite99 the Blocker (level 5, -6/32 HPs)
             Began as a Gargoyle Fighter on Sept 5, 2021.
             Was an Initiate of Ashenzari.
             Killed from afar by an air elemental (8 damage)
             ... with a stunning burst
             ... in the Dungeon (Sprint V: "Ziggurat Sprint").
             The game lasted 00:03:14 (338 turns).

dolemite99 the Blocker (Gargoyle Fighter)            Turns: 338, Time: 00:03:14

Health: -6/32      AC: 10    Str: 20    XL:     5   Next: 72%
Magic:  5/5        EV:  8    Int:  9    God:    Ashenzari [......]
Gold:   0          SH: 13    Dex:  9    Spells: 4/4 levels left

rFire   + . .      SeeInvis .   a - +5 demon whip
rCold   + . .      Faith    .   I - +3 kite shield
rNeg    + . .      Spirit   .   b - +0 scale mail
rPois   ∞          Reflect  .   (no helmet)
rElec   +          Harm     .   (no cloak)
rCorr   +          Rampage  .   (no gloves)
Will    .....      NoTele   +   (no boots)
Stlth   ..........              (no amulet)
HPRegen 0.10/turn               (no ring)
MPRegen 0.09/turn               (no ring)

@: resistant
A: sickness immunity, AC +4, negative energy resistance 1, electricity
resistance, torment resistance 1, petrification resistance
a: Renounce Religion, Curse Item


You were in the Dungeon.
You worshipped Ashenzari.
Ashenzari was noncommittal.
You visited 1 branch

Inventory:

Hand Weapons
 a - a +5 demon whip (weapon)
 D - the +7 great mace "Firestarter" {inner flame, rF++}
   (You found it in the Dungeon)

   It burns those it strikes, dealing additional fire damage.
   It fills those it strikes with an explosive inner flame.
   It grants immunity to clouds of flame.
   rF:        It greatly protects you from fire.
 E - the +8 lance "Wyrmbane" {slay drac, rPois rF+ rC+ AC+3}
   (You found it in the Dungeon)

   It inflicts extra damage against dragons and draconians.
   AC:        It affects your AC (+3).
   rF:        It protects you from fire.
   rC:        It protects you from cold.
   rPois:     It protects you from poison.
 F - the +7 mace of Variability {chain chaos}
   (You found it in the Dungeon)

   Each time it hits an enemy it has a different, random effect.
   It occasionally unleashes arcs of chaos on nearby creatures upon striking a
   foe.
 G - the +14 obsidian axe {vorpal, Mesm Drain Fly SInv}
   (You found it in the Dungeon)

   It inflicts extra damage upon your enemies.
   It occasionally summons demons to assist the wielder when it strikes in
   combat.
   Its wielder is mesmerised by any visible foes.
   It cannot be unequipped while any foes are visible.
   SInv:      It lets you see invisible.
   Fly:       It grants you flight.
   Drain:     It drains your maximum health when unequipped.
 J - a +5 fustibalus
 K - a +5 hand crossbow
Missiles
 L - 1000 bolts
 M - 1000 sling bullets
Armour
 b - a +0 scale mail (worn)
 H - the +18 shield of the Gong {rElec rN+ Will+ EV-5}
   (You found it in the Dungeon)

   It is deafeningly noisy when blocking attacks.
   EV:        It affects your evasion (-5).
   rElec:     It insulates you from electricity.
   rN:        It protects you from negative energy.
   Will:      It increases your willpower.
 I - a +3 kite shield (worn)
Magical Staves
 n - a staff of fire
Jewellery
 w - a ring of flight
 x - a +6 ring of dexterity
 y - a +6 ring of dexterity
 z - a +6 ring of intelligence
 A - a +6 ring of intelligence
 B - a +6 ring of strength
 C - a +6 ring of strength
Wands
 t - a wand of mindburst (7)
 u - a wand of iceblast (7)
 v - a wand of acid (7)
Scrolls
 j - 4 scrolls of blinking
 o - 4 scrolls of amnesia
 p - 7 scrolls of fog
 q - a scroll of holy word
 r - 5 scrolls of identify {@r1}
 s - 2 scrolls of fear
Potions
 d - 6 potions of might
 e - 10 potions of curing
 f - 6 potions of heal wounds
 g - 6 potions of haste
 h - 7 potions of magic
 i - 3 potions of berserk rage
 k - 2 potions of brilliance
 l - 2 potions of invisibility
 m - 3 potions of resistance
Miscellaneous
 c - a lightning rod (4/4)
 N - a phial of floods (inert)


   Skills:
 - Level 3.2 Fighting
 + Level 8.8 Maces & Flails
 - Level 3.2 Armour
 + Level 9.9 Shields


You had 4 spell levels left.
You didn't know any spells.
Your spell library was empty.

Dungeon Overview and Level Annotations

Branches:
Dungeon (1/1)

Altars:
Ashenzari
Cheibriados
Dithmenos
Elyvilon
Fedhas
Gozag
Hepliaklqana
Kikubaaqudgha
Makhleb
Nemelex Xobeh
Okawaru
Qazlal
Ru
Sif Muna
Trog
Uskayaw
Vehumet
Wu Jian
Xom
Yredelemnul
Zin
The Shining One
Beogh
Jiyva
Lugonu

Annotations:
D 1 transporter


Innate Abilities, Weirdness & Mutations

You are immune to sickness and miasma.
Your stone body is resilient. (AC +4)
You are immune to poison.
You resist negative energy. (rN+)
You are resistant to electric shocks. (rElec)
You are resistant to unholy torment.
You are immune to petrification.


Message History

The stunning burst misses you.
The air elemental fires a burst of electricity at you.
The stunning burst hits you. You resist.
The deep elf pyromancer hits you with a +0 dagger.
You feel much better.
The deep elf zephyrmancer is no longer waterlogged.
The deep elf pyromancer is no longer waterlogged.
You block the air elemental's attack. x2
The deep elf pyromancer hits you but does no damage.
The deep elf pyromancer closely misses you.
You feel protected.
The air elemental fires a burst of electricity at you.
The stunning burst hits you. You resist.
You suddenly lose the ability to move!
The air elemental hits you.
The deep elf zephyrmancer hits you with a +0 long sword.
The air elemental barely misses you.
The deep elf pyromancer barely misses you.
The deep elf pyromancer hits you but does no damage.
You can move again.
You whack the deep elf zephyrmancer!
The deep elf zephyrmancer is moderately wounded.
The air elemental hits you.
You block the deep elf zephyrmancer's attack.
You block the air elemental's attack.
You whack the deep elf pyromancer!
The deep elf pyromancer is severely wounded.
You block the air elemental's attack.
You block the deep elf pyromancer's attack.
The deep elf pyromancer hits you with a +0 rapier.
The deep elf zephyrmancer hits you with a +0 long sword.
* * * LOW HITPOINT WARNING * * *
The air elemental fires a burst of electricity at you.
The stunning burst hits you! You resist.
You shrug off the repeated paralysis!
* * * LOW HITPOINT WARNING * * *
You hit the deep elf pyromancer.
The deep elf pyromancer is severely wounded.
The deep elf pyromancer is no longer waterlogged.
The air elemental fires a burst of electricity at you.
The stunning burst hits you! You resist.
You die...

▓▓▓▓▓▓▓▓▓▓▓▓▓▓▓▓▓▓▓
▓.8©8.▓.8©8.▓.8©8.▓
▓.|)[.▓.|.[.▓.....▓
▓..}..▓.....▓...|.▓
▓.....▓†....▓.....▓
▓.....▓.†...▓.....▓
▓.eEe.▓.....▓..©..▓
▓..@e.▓..©..▓▓▓▓▓▓▓
▓▓▓▓▓▓▓▓▓▓▓▓▓


You could see 2 deep elf pyromancers, a deep elf zephyrmancer and an air
elemental.

Vanquished Creatures
  3 scorpions (D)
  A bat skeleton (D)
  A ball python zombie (D)
5 creatures vanquished.

Notes
Turn   | Place    | Note
-------+----------+-------------------------------------------
     0 | D        | dolemite99 the Gargoyle Fighter began the quest for the
                  | Orb.
     0 | D        | Reached XP level 1. HP: 14/14 MP: 1/1
     0 | D        | Found a shimmering blue altar of Sif Muna.
     0 | D        | Found a bloodstained altar of Trog.
     0 | D        | Found a sacrificial altar of Ru.
     0 | D        | Found a stormy altar of Qazlal.
     0 | D        | Found an iron altar of Okawaru.
     1 | D        | Found a sparkling altar of Nemelex Xobeh.
     1 | D        | Found a blossoming altar of Fedhas.
     1 | D        | Found the +6 Majin-Bo {vamp, MP+6 Int+6}
     1 | D        | Found the +9 heavy crossbow "Sniper" {vorpal, Acc+∞ SInv}
     1 | D        | Found the +10 dark maul {vorpal}
     1 | D        | Found the +15 Maxwell's patent armour {-Cast -Tele rElec
                  | Will+ rCorr}
     1 | D        | Found the +18 shield of the Gong {rElec rN+ Will+ EV-5}
     1 | D        | Found the +14 obsidian axe {vorpal, Mesm Drain Fly SInv}
     1 | D        | Found the +7 great mace "Firestarter" {inner flame, rF++}
     1 | D        | Found the +6 shillelagh "Devastator" {shatter}
     1 | D        | Found the +11 plutonium sword {Contam Stlth-}
     1 | D        | Found the +8 lance "Wyrmbane" {slay drac, rPois rF+ rC+
                  | AC+3}
     1 | D        | Found the +9 sword of Zonguldrok {reap}
     1 | D        | Found the +13 scythe of Curses {drain, Drain}
     1 | D        | Found the +5 sword of Power {vorpal}
     1 | D        | Found the +7 mace of Variability {chain chaos}
     1 | D        | Found the +7 Singing Sword {vorpal, sonic wave}
     1 | D        | Found the +8 storm bow {elec, penet}
     3 | D        | Found a transporter.
     3 | D        | Found an ancient bone altar of Kikubaaqudgha.
     3 | D        | Found a viscous altar of Jiyva.
     3 | D        | Found a corrupted altar of Lugonu.
     3 | D        | Found a hazy altar of Hepliaklqana.
     3 | D        | Found a burning altar of Makhleb.
     3 | D        | Found an opulent altar of Gozag.
   127 | D        | Became a worshipper of Ashenzari the Shackled
   136 | D        | Reached skill level 5 in Maces & Flails
   136 | D        | Reached skill level 6 in Shields
   136 | D        | Reached XP level 2. HP: 19/19 MP: 2/2
   148 | D        | Entered arena 2.
   148 | D        | Found a transporter.
   157 | D        | Entered arena 3.
   157 | D        | Identified the +6 leather armour "Ohoimn" {Regen+}
   157 | D        | Noticed a scorpion
   157 | D        | Noticed a scorpion
   157 | D        | Noticed a scorpion
   157 | D        | Found a transporter.
   170 | D        | Killed a scorpion
   171 | D        | Reached skill level 8 in Shields
   171 | D        | Reached XP level 3. HP: 8/23 MP: 3/3
   171 | D        | Reached XP level 4. HP: 9/28 MP: 4/4
   179 | D        | Killed a scorpion
   180 | D        | Reached skill level 9 in Shields
   180 | D        | Reached XP level 5. HP: 29/32 MP: 5/5
   326 | D        | Entered arena 4.
   326 | D        | Noticed an air elemental
   326 | D        | Noticed a deep elf zephyrmancer
   326 | D        | Noticed a deep elf pyromancer
   326 | D        | Noticed a deep elf pyromancer
   326 | D        | Found a transporter.
   330 | D        | Paralysed by an air elemental for 1 turns
   335 | D        | Paralysed by an air elemental for 1 turns
   338 | D        | Killed from afar by an air elemental

Illustrated notes

Levels and vault maps discovered:
D:        sprint_v [room_start, room_1, room_2, room_3, room_4, room_5, room_6,
          room_7, room_8, room_9, room_10, room_11, room_12, room_13, room_14,
          room_15, room_16, room_17, room_18, room_19, room_20, room_21,
          room_22, room_23, room_24, room_25, room_26, room_27]

Skill      XL: |  1  2  3  4 |
---------------+-------------+-----
Maces & Flails | 5 6 8 |  8.8
Shields        | 6 8 9 |  9.9
Fighting       | |  3.2
Armour         | |  3.2

Action                   |  1- 3 |  4- 6 || total
-------------------------+-------+-------++-------
Melee: Demon whip        |    11 |    19 ||    30
Evoke: Phial of floods   |       |     1 ||     1
  Use: Potion            |     3 |     3 ||     6
Armor: Scale mail        |    11 |    15 ||    26
Dodge: Dodged            |     4 |     9 ||    13
Block: Kite shield       |    11 |    16 ||    27

Table legend: (Time is in decaauts)
 A = Elapsed time spent in this place.
 B = Non-inter-level travel time spent in this place.
 C = Inter-level travel time spent in this place.
 D = Time resting spent in this place.
 E = Time spent auto-exploring this place.
 F = Levels seen in this place.
 G = Mean time per level.
                   A        B        C        D        E       F      G
               +--------+--------+--------+--------+--------+-----+--------+
         Total |    334 |    334 |      0 |    132 |      0 |   1 |  334.0 |
       Dungeon |    334 |    334 |      0 |    132 |      0 |   1 |  334.0 |
               +--------+--------+--------+--------+--------+-----+--------+

Top non-repeatable levels by time:
       D: 334 daAuts
